 Dungeon Crawl Stone Soup version 0.30-a0-335-ge5acde7520 (webtiles) character file.

Game seed: 18056461377188299583

329 jlumianski the Chopper (level 6, -14/48 HPs)
             Began as a Demonspawn Fighter on Oct 31, 2022.
             Was a Follower of Qazlal.
             Demolished by an ogre
             ... wielding a +0 giant club
              (25 damage)
             ... on level 4 of the Dungeon.
             The game lasted 00:17:07 (3286 turns).

jlumianski the Chopper (Demonspawn Fighter)         Turns: 3286, Time: 00:17:07

Health: -14/48     AC:  9    Str: 24    XL:     6   Next: 25%
Magic:  6/6        EV:  8    Int: 10    God:    Qazlal [*.....]
Gold:   139        SH:  6    Dex: 12    Spells: 5/5 levels left

rFire   . . .      SeeInvis +    a - +0 war axe
rCold   . . .      Faith    .    c - +0 buckler
rNeg    . . .      Spirit   .    f - +0 chain mail
rPois   .          Reflect  .    (helmet restricted)
rElec   .          Harm     .    (no cloak)
rCorr   .          Rampage  .    (no gloves)
Will    .....                    (no boots)
Stlth   ..........               (no amulet)
HPRegen 0.28/turn                j - ring of see invisible
MPRegen 0.10/turn                l - +6 ring of strength

@: no status effects
A: antennae 1, powered by death 1, demonic touch 2
a: Renounce Religion


You were on level 4 of the Dungeon.
You worshipped Qazlal.
Qazlal was aware of your devotion.
You visited 1 branch of the dungeon, and saw 4 of its levels.

You collected 139 gold pieces.

Inventory:

Hand Weapons
 a - a +0 war axe (weapon)
Missiles
 o - 5 javelins (quivered)
Armour
 b - a +0 scale mail
 c - a +0 buckler (worn)
 f - a +0 chain mail (worn)
Jewellery
 j - a ring of see invisible (left hand)
 l - a +6 ring of strength (right hand)
Scrolls
 g - 2 scrolls of immolation
 h - a scroll of noise
 k - a scroll of butterflies
 m - a scroll of blinking
Potions
 i - a potion of brilliance
 n - a potion of resistance


   Skills:
 + Level 3.9 Fighting
 + Level 4.0 Axes
 + Level 3.9 Armour
 + Level 0.7 Dodging
 + Level 0.9 Stealth
 + Level 3.3 Shields


You had 5 spell levels left.
You didn't know any spells.
Your spell library contained the following spells:

 Spells                   Type           Power      Damage    Failure   Level
 Freeze                   Ice            0%         1d3       98%         1
 Frozen Ramparts          Ice            0%         1d1       100%        3
 Gell's Gravitas          Tloc           0%         N/A       100%        3
 Hailstorm                Conj/Ice       0%         3d3       100%        3
 Teleport Other           Tloc           0%         N/A       100%        3
 Dispersal                Tloc           0%         N/A       100%        6


Dungeon Overview and Level Annotations

Branches:
Dungeon (4/15)
 Temple: D:4-7

Altars:
Qazlal


Innate Abilities, Weirdness & Mutations

You have a pair of small antennae on your head.
You regenerate a little health from kills.
Your touch may inflict irresistible damage on your foes.


Message History

The ogre shouts!
You see here a worm corpse.
You see here 10 gold pieces.
You now have 139 gold pieces (gained 10).
An endoplasm comes into view.
The endoplasm quivers.
You see here a worm corpse.
The endoplasm closely misses you. The endoplasm closely misses you.
There is a stone staircase leading up here.
You block the endoplasm's attack.
You climb upwards.
There is a stone staircase leading down here.
Okay, then.
You slash the endoplasm!
You kill the endoplasm!
Qazlal accepts your kill.
There is a stone staircase leading down here.
You climb downwards.
The ogre hits you with a +0 giant club!!
Ouch! That really hurt!
There is a stone staircase leading up, spattered with blood here.
You slash the ogre!
The ogre is moderately wounded.
The ogre hits you but does no damage.
You hit the ogre.
The ogre is heavily wounded.
The ogre barely misses you.
You hit the ogre.
The ogre is heavily wounded.
You block the ogre's attack.
You slash the ogre!
The ogre is almost dead.
The ogre hits you with a +0 giant club!
* * * LOW HITPOINT WARNING * * *
You barely miss the ogre.
The ogre is almost dead.
The ogre hits you with a +0 giant club!!
Ouch! That really hurt!
You die...

.................#
...............###
.......#........##
......##...†.....#
..##..####....#..# .#
##..#......#..###
.#.#....###.......#
#.........§O......###
##.##....#.@.......#
.........#.###....##
...........##.....#
..................###
....................#
#................#
#..............[.####
..............÷..O<##..##
........................#


You could see an ogre.

Vanquished Creatures
  A jelly (D:3)
  An orc priest (D:3)
  2 hounds
  An iguana (D:4)
  2 orc wizards
  5 gnolls
  An adder (D:4)
  2 worms
  A dart slug (D:1)
  3 orcs (D:3)
  7 endoplasms
  5 goblins
  9 hobgoblins
  7 jackals
  9 kobolds
  A quokka (D:3)
  4 ball pythons
  6 bats
  2 frilled lizards (D:1)
  4 rats
73 creatures vanquished.

Notes
Turn   | Place    | Note
-------+----------+-------------------------------------------
     0 | D:1      | jlumianski the Demonspawn Fighter began the quest for the
                  | Orb.
     0 | D:1      | Reached XP level 1. HP: 18/18 MP: 1/1
   127 | D:1      | Discovered your monstrous ancestry.
   127 | D:1      | Gained mutation: You have a pair of small antennae on your
                  | head. [demonic ancestry]
   127 | D:1      | Reached XP level 2. HP: 22/24 MP: 2/2
   247 | D:1      | Reached skill level 2 in Axes
   516 | D:1      | Reached XP level 3. HP: 29/29 MP: 3/3
  1161 | D:2      | Found a stormy altar of Qazlal.
  1170 | D:2      | Became a worshipper of Qazlal Stormbringer
  1302 | D:1      | Gained mutation: Your touch may inflict minor irresistible
                  | damage on your foes. [demonic ancestry]
  1302 | D:1      | Reached XP level 4. HP: 28/35 MP: 4/4
  2226 | D:3      | Reached skill level 3 in Axes
  2387 | D:4      | Noticed an ogre
  2613 | D:3      | Gained mutation: Your touch may inflict irresistible damage
                  | on your foes. [demonic ancestry]
  2613 | D:3      | Reached XP level 5. HP: 10/42 MP: 5/5
  3220 | D:4      | Gained mutation: You regenerate a little health from kills.
                  | [demonic ancestry]
  3220 | D:4      | Reached XP level 6. HP: 48/48 MP: 6/6
  3228 | D:4      | Reached * piety under Qazlal
  3229 | D:4      | Reached skill level 4 in Axes
  3286 | D:4      | Demolished by an ogre

Illustrated notes

Levels and vault maps discovered:
D:1:      erik_arrival_blinker_ship, layout_basic
D:2:      layout_loops_cross, basic_altar, chequers_arboretum
D:3:      layout_loops_corners
D:4:      layout_cave_pools, reono_crystal_passage

Skill      XL: |  1  2  3  4  5  6 |
---------------+-------------------+-----
Armour         | 3 |  3.9
Axes           | 2 3 4 |  4.0
Shields        | 3 |  3.3
Fighting       | |  3.9
Dodging        | |  0.7
Stealth        | |  0.9

Action                   |  1- 3 |  4- 6 || total
-------------------------+-------+-------++-------
Melee: War axe           |   105 |   135 ||   240
  Use: Scroll            |     6 |     2 ||     8
       Potion            |       |     2 ||     2
Armor: Scale mail        |    26 |       ||    26
       Chain mail        |    52 |    99 ||   151
Dodge: Dodged            |    39 |    59 ||    98
Block: Buckler           |    41 |    33 ||    74

Table legend: (Time is in decaauts)
 A = Elapsed time spent in this place.
 B = Non-inter-level travel time spent in this place.
 C = Inter-level travel time spent in this place.
 D = Time resting spent in this place.
 E = Time spent auto-exploring this place.
 F = Levels seen in this place.
 G = Mean time per level.
                   A        B        C        D        E       F      G
               +--------+--------+--------+--------+--------+-----+--------+
         Total |   3402 |   3314 |     88 |    438 |   1492 |   4 |  850.5 |
       Dungeon |   3402 |   3314 |     88 |    438 |   1492 |   4 |  850.5 |
               +--------+--------+--------+--------+--------+-----+--------+

Top non-repeatable levels by time:
     D:3: 1417 daAuts
     D:1: 934 daAuts
     D:2: 816 daAuts
     D:4: 235 daAuts
